 Dungeon Crawl Stone Soup version 0.19-a0-526-gbe2e51c (webtiles) character file.

2853 namelastname112 the Sneak (level 9, -5/47 HPs)
             Began as a Vine Stalker Wanderer on June 7, 2016.
             Was an Initiate of Uskayaw.
             Slain by a slime creature (17 damage)
             ... on level 8 of the Dungeon.
             The game lasted 00:14:11 (6953 turns).

namelastname112 the Sneak (Vine Stalker Wanderer)   Turns: 6953, Time: 00:14:12

Health: -5/47      AC:  6    Str: 15    XL:     9   Next: 75%
Magic:  0/13       EV: 14    Int: 10    God:    Uskayaw [......]
Gold:   313        SH:  4    Dex: 16    Spells: 0 memorised, 8 levels left

rFire  . . .     SeeInvis .     n - +1 short sword (speed)
rCold  + . .     Gourm    .     a - +0 leather armour
rNeg   . . .     Faith    .     (no shield)
rPois  .         Spirit   +     M - +0 helmet
rElec  .         Dismiss  .     (no cloak)
rCorr  .         Reflect  +     m - +0 pair of gloves
SustAt .         Harm     .     (no boots)
MR     +....                    G - +4 amulet of reflection
Stlth  ++++......               E - -3 ring of intelligence (curse)
                                D - ring of protection from cold

@: somewhat resistant to hostile enchantments, stealthy
A: fangs 3, regeneration 2, magic shield, antimagic bite, no device heal 3, rot
immunity
a: Renounce Religion


You were on level 8 of the Dungeon.
You worshipped Uskayaw.
Uskayaw was noncommittal.
You were hungry.

You visited 2 branches of the dungeon, and saw 9 of its levels.

You collected 313 gold pieces.

Inventory:

Hand Weapons
 n - a +1 short sword of speed (weapon)
Missiles
 H - a throwing net (quivered)
Armour
 a - a +0 leather armour (worn)
 m - a +0 pair of gloves (worn)
 p - a +1 ring mail of poison resistance
 M - a +0 helmet (worn)
Jewellery
 D - a ring of protection from cold (left hand)
 E - a cursed -3 ring of intelligence (right hand)
 G - a +4 amulet of reflection (around neck)
Wands
 J - a wand of iceblast (4/15)
 L - a wand of polymorph (14/24)
Scrolls
 b - a scroll of vulnerability {unknown}
 c - 2 scrolls of teleportation
 e - 2 scrolls of enchant weapon {unknown}
 g - 10 scrolls of identify {unknown}
 j - a scroll of fear {unknown}
 o - a scroll of noise {unknown}
 t - a scroll of recharging {unknown}
 u - 2 scrolls of fog {unknown}
 w - 3 scrolls of remove curse {unknown}
 y - a scroll of magic mapping {unknown}
 B - a scroll of amnesia {unknown}
Potions
 d - 6 potions of curing
 h - a potion of beneficial mutation {unknown}
 i - 2 potions of resistance {unknown}
 k - a potion of flight {unknown}
 l - 3 potions of magic {unknown}
 q - 4 potions of heal wounds
 s - a potion of degeneration {unknown}
 v - a potion of mutation {unknown}
 x - 3 potions of agility {unknown}
 A - 2 potions of haste {unknown}
 F - a potion of might {unknown}
 N - 2 potions of ambrosia {unknown}
Books
 r - a book of Flames

   Spells                             Type                      Level
   a - Flame Tongue                   Conjuration/Fire             1
   b - Throw Flame                    Conjuration/Fire             2
   c - Conjure Flame                  Conjuration/Fire             3
   d - Inner Flame                    Hexes/Fire                   3
   e - Sticky Flame                   Conjuration/Fire             4
   f - Fireball                       Conjuration/Fire             5
 C - a Fen Folio

   Spells                             Type                      Level
   a - Corpse Rot                     Necromancy                   2
   b - Stone Arrow                    Conjuration/Earth            3
   c - Leda's Liquefaction            Hexes/Earth                  4
   d - Summon Forest                  Summoning/Translocation      5
   e - Hydra Form                     Transmutation                6
   f - Summon Hydra                   Summoning                    7
 I - a book of Alchemy

   Spells                             Type                      Level
   a - Sublimation of Blood           Necromancy                   2
   b - Ignite Poison                  Fire/Transmutation/Poison    3
   c - Petrify                        Transmutation/Earth          4
   d - Alistair's Intoxication        Transmutation/Poison         5
   e - Irradiate                      Conjuration/Transmutation    5
Comestibles
 f - 7 bread rations
 z - 5 beef jerkies


   Skills:
 + Level 5.1 Fighting
 + Level 5.5 Short Blades
   Level 1.7 Axes
 + Level 4.6 Armour
 + Level 4.4 Dodging
 + Level 7.5 Stealth
 * Level 4.0 Invocations
 - Level 1.7 Evocations


You had 8 spell levels left.
You didn't know any spells.

Dungeon Overview and Level Annotations

Branches:
Dungeon (8/15)             Temple (1/1) D:5
   Lair: D:8-11

Altars:
Ashenzari
Cheibriados
Dithmenos
Elyvilon
Fedhas
Gozag
Hepliaklqana
Makhleb
Okawaru
Pakellas
Qazlal
Ru
Trog
Uskayaw
Vehumet
Xom
Zin
The Shining One


Innate Abilities, Weirdness & Mutations

You have razor-sharp teeth.
You heal very quickly.
When hurt, damage is shared between your health and your magic reserves.
Your bite disrupts and absorbs the magic of your enemies.
Potions and wands cannot restore your health.
You are immune to rotting.


Message History

You take 12 damage, and have 12/47 hp.
MASSIVE DAMAGE!!
You now have 6/13 mp.
Aiming: Line Pass
Press: ? - help, Dir - move target cursor The slime creature appears confused.
You are feeling hungry.
You can no longer pass through a line of other dancers.
You now have 2/13 mp.
The slime creature seems less confused.
The slime creature hits you but does no damage.
You hit the slime creature.
The slime creature is almost dead.
The slime creature hits you.
* * * LOW HITPOINT WARNING * * *
You take 1 damage, and have 12/47 hp.
You stomp with the beat, sending a shockwave through the revelers around you!
The slime creature is almost dead.
You feel somewhat more hungry.
You can no longer stomp with the beat.
The slime creature hits you!
You die...

# .####
#######.....
(.#....####
#.#.J.)....
##.#@#######
##....#
...##.....#
.c.....<..#
#####.<...#
##..F##
.....
..###.# ...
.#


You could see a slime creature and a giant frog (sleeping).

Vanquished Creatures
  Joseph (D:7)
  A steam dragon (D:6)
  Edmund (D:4)
  A sky beast (D:6)
  A necrophage (D:7)
  2 ogres (D:5)
  2 black bears
  4 phantoms
  A centaur (D:5)
  Blork the orc (D:6)
  2 giant frogs (D:7)
  4 wights (D:6)
  A howler monkey (D:4)
  3 crimson imps
  A giant frog zombie (D:5)
  A centaur zombie (D:5)
  A hound (D:7)
  4 orc priests
  4 giant frog skeletons
  2 iguanas
  3 orc wizards (D:4)
  3 worker ants
  A hound skeleton (D:5)
  A worker ant zombie (D:7)
  7 adders
  6 gnolls (D:5)
  2 oozes
  2 dart slugs (D:2)
  A worm (D:2)
  6 giant geckos
  16 orcs
  3 ball pythons
  13 bats
  6 giant cockroaches
  7 goblins
  3 hobgoblins (D:2)
  21 jackals
  11 kobolds
  7 quokkas
  2 giant newts (D:1)
  2 quokka skeletons
  9 rats
170 creatures vanquished.

Notes
Turn   | Place    | Note
--------------------------------------------------------------
     0 | D:1      | namelastname112 the Vine Stalker Wanderer began the quest for the Orb.
     0 | D:1      | namelastname112 set off with: a +0 leather armour, 3 throwing nets, a scroll of teleportation, a potion of curing, a +0 club, a bread ration
     0 | D:1      | Reached XP level 1. HP: 10/10 MP: 3/3
   162 | D:1      | Reached XP level 2. HP: 14/14 MP: 4/4
   455 | D:1      | You fall through a shaft!
   457 | D:2      | Found a shattered altar of Ashenzari.
   457 | D:2      | Found a snail-covered altar of Cheibriados.
   458 | D:2      | Found a stormy altar of Qazlal.
   472 | D:2      | Reached skill level 1 in Armour
   472 | D:2      | Reached skill level 2 in Stealth
   472 | D:2      | Reached XP level 3. HP: 10/18 MP: 3/5
   527 | D:2      | Found a faded altar of an unknown god.
   612 | D:2      | Found a bloodstained altar of Trog.
   655 | D:2      | Reached XP level 4. HP: 7/23 MP: 4/6
  1524 | D:2      | Found a hazy altar of Hepliaklqana.
  1572 | D:2      | Found an oddly glowing altar of Pakellas.
  1572 | D:2      | Noticed a rakshasa
  1747 | D:3      | Found a sacrificial altar of Ru.
  1880 | D:3      | Reached XP level 5. HP: 26/26 MP: 7/7
  2059 | D:3      | Reached skill level 3 in Stealth
  2938 | D:4      | Gained mutation: You heal very quickly. [Vine Stalker growth]
  2938 | D:4      | Reached XP level 6. HP: 22/32 MP: 6/8
  3328 | D:4      | Reached skill level 4 in Stealth
  3453 | D:4      | Noticed Edmund
  3481 | D:4      | Killed Edmund
  3481 | D:4      | Reached XP level 7. HP: 33/36 MP: 7/9
  3858 | D:5      | Entered Level 5 of the Dungeon
  3861 | D:5      | Found a blossoming altar of Fedhas.
  3985 | D:5      | Reached skill level 5 in Stealth
  4002 | D:5      | Gained mutation: You have razor-sharp teeth. [Vine Stalker growth]
  4002 | D:5      | Reached XP level 8. HP: 14/41 MP: 10/10
  4426 | D:5      | Reached skill level 6 in Stealth
  4635 | D:5      | Found a staircase to the Ecumenical Temple.
  4644 | Temple   | Entered the Ecumenical Temple
  4801 | Temple   | Became a worshipper of Uskayaw the Reveler
  4893 | D:6      | Reached * piety under Uskayaw
  4895 | D:6      | Reached ** piety under Uskayaw
  4908 | D:6      | Reached skill level 1 in Invocations
  4908 | D:6      | Reached *** piety under Uskayaw
  4979 | D:6      | Found a hide-covered altar of Uskayaw.
  5144 | D:6      | Reached XP level 9. HP: 45/46 MP: 11/11
  5489 | D:6      | Reached skill level 5 in Short Blades
  5571 | D:6      | Noticed Blork the orc
  5584 | D:6      | Killed Blork the orc
  5697 | D:6      | Found a glowing golden altar of the Shining One.
  6109 | D:6      | Reached skill level 7 in Stealth
  6491 | D:7      | Noticed Joseph
  6517 | D:7      | Killed Joseph
  6571 | D:7      | Found an opulent altar of Gozag.
  6589 | D:7      | Reached skill level 5 in Fighting
  6953 | D:8      | Slain by a slime creature

Vault maps used:
D:1:      dpeg_arrival_tiny_a, minivault_24
D:2:      lemuel_coloured_pillars_altar, gammafunk_temple_overflow_claw,
          gammafunk_pakellas_cloud_experiment, lemuel_doored_altar,
          ecumenical_altar_1, minmay_distorted
D:3:      first_bread, nicolae_ru_great_annihilating_truth
D:4:      uniq_edmund
D:5:      overflow_temple_1_default, lemuel_temple_firewalk_marked,
          small_statue_intersection
D:6:      kennysheep_mini_moat, basic_altar, uniq_blork_the_orc
D:7:      lemuel_crystal_altar, uniq_joseph
D:8:      gammafunk_temple_overflow_forgotten, minmay_lair_entry_lava,
          hangedman_ranch, uniq_prince_ribbit1
Temple:   jpeg_temple_alley_garden_8

Skill      XL: |  1  2  3  4  5  6  7  8  9 |
---------------+----------------------------+-----
Armour         | 1 2 3 4 |  4.6
Stealth        | 2 3 4 5 6 7 |  7.5
Short Blades   | 3 4 5 |  5.5
Fighting       | 2 3 4 5 |  5.1
Dodging        | 2 3 4 |  4.4
Invocations    | 1 4 |  4.0
Axes           | |  1.7
Evocations     | |  1.7

Action                   |  1- 3 |  4- 6 |  7- 9 || total
-------------------------+-------+-------+-------++-------
Melee: Club              |    51 |       |       ||    51
       Bite              |    20 |    67 |   161 ||   248
       Dagger            |    34 |       |       ||    34
       Short sword       |    52 |   280 |   491 ||   823
Throw: Throwing net      |       |     2 |     2 ||     4
Invok: Stomp             |       |       |     3 ||     3
       Line Pass         |       |       |     4 ||     4
  Use: Potion            |       |     1 |       ||     1
       Scroll            |       |       |     1 ||     1
 Stab: Sleeping          |       |    10 |    12 ||    22
       Paralysed         |       |     1 |     4 ||     5
       Invisible         |       |     1 |       ||     1
       Held in net/web   |       |     2 |       ||     2
       Distracted        |       |     1 |     1 ||     2
  Eat: Chunk             |       |     8 |     6 ||    14
       Meat ration       |       |       |     1 ||     1
       Beef jerky        |       |       |     1 ||     1
Armor: Leather armour    |    45 |    54 |    35 ||   134
Dodge: Dodged            |    79 |   121 |   191 ||   391
Block: Other             |       |       |    21 ||    21
       Reflection        |       |       |     1 ||     1
